BLB
PITTSBURGH MILLERS @ MAINE GUIDES
04/26/2060
 
TOP OF THE 1ST
Pittsburgh Millers batting - Pitching for Maine Guides : RHP Dave Hunt
Pitching: RHP Dave Hunt
Batting: LHB Byron Carlton 0-0: Ball
1-0: Ball
2-0: Swinging Strike
2-1: Foul Ball, location: 2F
2-2: Strikes out swinging
Batting: RHB Tevin Hawkins 0-0: Called Strike
0-1: Called Strike
0-2: Ball
1-2: SINGLE (Groundball, 6MD, EV 98.1 MPH)
Batting: RHB Isaac Pack 0-0: Ball
1-0: Foul Ball, location: 2F
1-1: Ball
2-1: Ball
3-1: Called Strike
3-2: Foul Ball, location: 2F
3-2: Strikes out swinging
Batting: RHB LaMark Canete 0-0: Called Strike
0-1: Ball
1-1: Foul Ball, location: 2F
1-2: Ball
2-2: Foul Ball, location: 2F
2-2: DOUBLE (Flyball, 8RXD, EV 108.1 MPH)
Tevin Hawkins to third
Runner from 3rd tries for Home, SAFE, throw by CF to home
Batting: RHB Colton Coffin 0-0: Called Strike
0-1: Ball
1-1: Ground out U3 (Groundball, 34, EV 90.0 MPH)
Top of the 1st over - 1 run, 2 hits, 0 errors, 1 left on base; Pittsburgh 1 - Maine 0
BOTTOM OF THE 1ST
Maine Guides batting - Pitching for Pittsburgh Millers : RHP Cody Nemes
Pitching: RHP Cody Nemes
Batting: RHB Jaret Foley 0-0: Foul Ball, location: 2F
0-1: Ball
1-1: Ball
2-1: SINGLE (Line Drive, 3L, EV 106.9 MPH)
Batting: RHB Derek Rosado 0-0: Called Strike
Jaret Foley steals 2nd base
0-1: Ball
1-1: Swinging Strike
1-2: SINGLE (Groundball, 56D, EV 102.5 MPH)
Jaret Foley to third
Batting: RHB Brad Pendolino 0-0: Ball
1-0: Ball
2-0: Called Strike
2-1: Called Strike
2-2: Foul Ball, location: 2F
2-2: Fly out, F7 (Line Drive, 7, EV 95.6 MPH)
Runner from 3rd tags up, SCORES, throw by LF
Batting: RHB Nathan Bennett 0-0: Ball
1-0: Ball
2-0: 2-RUN HOME RUN (Flyball, 78XD, EV 103.8 MPH), Distance : 421 ft
Batting: RHB Byron Bentley 0-0: Ball
1-0: SINGLE (Groundball, 4D, EV 96.9 MPH)
Batting: RHB Walt Dutro 0-0: Ball
1-0: Ball
2-0: Ball
3-0: Called Strike
3-1: SINGLE (Line Drive, 56D, EV 97.5 MPH)
Byron Bentley to second
Batting: RHB Martin Moorman 0-0: Called Strike
0-1: Ball
1-1: Called Strike
1-2: Strikes out looking
Batting: RHB Justen Brown 0-0: Called Strike
0-1: Ball
1-1: Swinging Strike
1-2: Ball
2-2: Fly out, F8 (Flyball, 8RD, EV 86.2 MPH)
Bottom of the 1st over - 3 runs, 5 hits, 0 errors, 2 left on base; Pittsburgh 1 - Maine 3
TOP OF THE 2ND
Pittsburgh Millers batting - Pitching for Maine Guides : RHP Dave Hunt
Batting: RHB Cato Flaig 0-0: Ball
1-0: Ball
2-0: Foul Ball, location: 2F
2-1: Swinging Strike
2-2: Strikes out swinging
Batting: LHB Skye Maury 0-0: Foul Ball, location: 2F
0-1: Ball
1-1: Fly out, F9 (Flyball, 89S, EV 84.4 MPH)
Batting: RHB Conner Wilson 0-0: Swinging Strike
0-1: Called Strike
0-2: Ball
1-2: Ball
2-2: Strikes out swinging
Top of the 2nd over - 0 runs, 0 hits, 0 errors, 0 left on base; Pittsburgh 1 - Maine 3
BOTTOM OF THE 2ND
Maine Guides batting - Pitching for Pittsburgh Millers : RHP Cody Nemes
Batting: RHB Jarrett Vazquez 0-0: Called Strike
0-1: Foul Ball, location: 2F
0-2: Strikes out looking
Batting: RHB Jaret Foley 0-0: Ball
1-0: Foul Ball, location: 2F
1-1: Ball
2-1: Swinging Strike
2-2: SINGLE (Line Drive, 34D, EV 102.5 MPH)
Batting: RHB Derek Rosado 0-0: Foul Ball, location: 2F
0-1: Called Strike
0-2: Strikes out swinging
Batting: RHB Brad Pendolino 0-0: Ball
1-0: Called Strike
1-1: Foul Ball, location: 2F
1-2: Foul Ball, location: 2F
1-2: Foul Ball, location: 2F
1-2: Strikes out swinging
Bottom of the 2nd over - 0 runs, 1 hit, 0 errors, 1 left on base; Pittsburgh 1 - Maine 3
TOP OF THE 3RD
Pittsburgh Millers batting - Pitching for Maine Guides : RHP Dave Hunt
Batting: RHB Seth Laskie 0-0: Ball
1-0: Ball
2-0: Ball
3-0: Called Strike
3-1: Base on Balls
Batting: LHB Byron Carlton 0-0: Ball
1-0: Called Strike
1-1: Called Strike
1-2: Foul Ball, location: 2F
1-2: Strikes out swinging
Batting: RHB Tevin Hawkins 0-0: Called Strike
0-1: Grounds into double play, 6-4-3 (Groundball, 6, EV 83.1 MPH)
Top of the 3rd over - 0 runs, 0 hits, 0 errors, 0 left on base; Pittsburgh 1 - Maine 3
BOTTOM OF THE 3RD
Maine Guides batting - Pitching for Pittsburgh Millers : RHP Cody Nemes
Batting: RHB Nathan Bennett 0-0: SINGLE (Groundball, 4MD, EV 101.2 MPH)
Batting: RHB Byron Bentley 0-0: Ball
1-0: Foul Ball, location: 2F
1-1: Called Strike
1-2: Foul Ball, location: 2F
1-2: Ball
2-2: Strikes out swinging
Batting: RHB Walt Dutro 0-0: Ball
1-0: Ball
2-0: Swinging Strike
2-1: Foul Ball, location: 2F
2-2: Ball
3-2: SINGLE (Flyball, 89S, EV 93.1 MPH)
Nathan Bennett to second
Batting: RHB Martin Moorman 0-0: Called Strike
0-1: Called Strike
0-2: Strikes out looking
Batting: RHB Justen Brown 0-0: Ball
Wild Pitch!
Nathan Bennett to third
Walt Dutro to second
1-0: Called Strike
1-1: Ball
2-1: Fly out, F9 (Flyball, 9D, EV 91.2 MPH)
Bottom of the 3rd over - 0 runs, 2 hits, 0 errors, 2 left on base; Pittsburgh 1 - Maine 3
TOP OF THE 4TH
Pittsburgh Millers batting - Pitching for Maine Guides : RHP Dave Hunt
Batting: RHB Isaac Pack 0-0: Ball
1-0: Ball
2-0: Ball
3-0: Called Strike
3-1: Foul Ball, location: 2F
3-2: Foul Ball, location: 2F
3-2: Strikes out swinging
Batting: RHB LaMark Canete 0-0: Foul Ball, location: 2F
0-1: Ball
1-1: Ball
2-1: Swinging Strike
2-2: Strikes out swinging
Batting: RHB Colton Coffin 0-0: Called Strike
0-1: Foul Ball, location: 2F
0-2: Ball
1-2: Ball
2-2: Ball
3-2: Fly out, F7 (Flyball, 78D, EV 97.5 MPH)
Top of the 4th over - 0 runs, 0 hits, 0 errors, 0 left on base; Pittsburgh 1 - Maine 3
BOTTOM OF THE 4TH
Maine Guides batting - Pitching for Pittsburgh Millers : RHP Cody Nemes
Batting: RHB Jarrett Vazquez 0-0: Ball
1-0: Ball
2-0: Ball
3-0: Base on Balls
Batting: RHB Jaret Foley 0-0: Fielders Choice at 2nd, 2-4 (Groundball, 15S, EV 70.0 MPH)
Batting: RHB Derek Rosado 0-0: Ball
1-0: Ball
2-0: Ball
3-0: Called Strike
3-1: Swinging Strike
3-2: Foul Ball, location: 2F
3-2: SINGLE (Groundball, 23, EV 74.4 MPH) (infield hit)
Jaret Foley to second
Batting: RHB Brad Pendolino 0-0: Swinging Strike
0-1: Ball
1-1: Grounds into double play, 6-4-3 (Groundball, 6MS, EV 81.9 MPH)
Bottom of the 4th over - 0 runs, 1 hit, 0 errors, 1 left on base; Pittsburgh 1 - Maine 3
TOP OF THE 5TH
Pittsburgh Millers batting - Pitching for Maine Guides : RHP Dave Hunt
Batting: RHB Cato Flaig 0-0: Foul Ball, location: 2F
0-1: Foul Ball, location: 2F
0-2: Foul Ball, location: 2F
0-2: Ball
1-2: Ball
2-2: Strikes out swinging
Batting: LHB Skye Maury 0-0: Ball
1-0: Called Strike
1-1: Ground out 5-3 (Groundball, 56S, EV 84.4 MPH)
Batting: RHB Conner Wilson 0-0: Called Strike
0-1: Ball
1-1: Swinging Strike
1-2: Foul Ball, location: 2F
1-2: Ball
2-2: Ball
3-2: SINGLE (Groundball, 34D, EV 98.8 MPH)
Batting: RHB Seth Laskie 0-0: Swinging Strike
0-1: Ball
1-1: Foul Ball, location: 2F
1-2: Ball
2-2: Ball
3-2: Foul Ball, location: 2F
3-2: SINGLE (Groundball, 6MD, EV 101.9 MPH) (infield hit)
Conner Wilson to second
Pitching: RHP Ellery Skaleski
Batting: LHB Byron Carlton 0-0: Called Strike
0-1: Ball
1-1: 3-RUN HOME RUN (Flyball, 7D, EV 99.4 MPH), Distance : 361 ft
Batting: RHB Tevin Hawkins 0-0: Ball
1-0: Called Strike
1-1: Ball
2-1: Ball
3-1: Foul Ball, location: 2F
3-2: Base on Balls
Batting: RHB Isaac Pack 0-0: SINGLE (Groundball, 56S, EV 71.9 MPH) (infield hit)
Tevin Hawkins to second
Batting: RHB LaMark Canete 0-0: Swinging Strike
0-1: Ball
1-1: Ball
2-1: Foul Ball, location: 2F
2-2: Strikes out swinging
Top of the 5th over - 3 runs, 4 hits, 0 errors, 2 left on base; Pittsburgh 4 - Maine 3
BOTTOM OF THE 5TH
Maine Guides batting - Pitching for Pittsburgh Millers : RHP Cody Nemes
Pitching: RHP Whitney Harris
Batting: RHB Nathan Bennett 0-0: Called Strike
0-1: Fly out, F3 (Popup, 3F, EV 63.1 MPH)
Batting: RHB Byron Bentley 0-0: Ball
1-0: Ball
2-0: Ball
3-0: Called Strike
3-1: Called Strike
3-2: Foul Ball, location: 2F
3-2: Ground out 3-1 (Groundball, 13, EV 87.5 MPH)
Batting: RHB Walt Dutro 0-0: Ball
1-0: Ball
2-0: Ball
3-0: Called Strike
3-1: Base on Balls
Batting: RHB Martin Moorman 0-0: Foul Ball, location: 2F
0-1: Called Strike
0-2: Ball
1-2: Strikes out looking
Bottom of the 5th over - 0 runs, 0 hits, 0 errors, 1 left on base; Pittsburgh 4 - Maine 3
TOP OF THE 6TH
Pittsburgh Millers batting - Pitching for Maine Guides : RHP Ellery Skaleski
Batting: RHB Colton Coffin 0-0: Called Strike
0-1: Ball
1-1: Ball
2-1: Fly out, F5 (Line Drive, 5, EV 73.1 MPH)
Batting: RHB Cato Flaig 0-0: Called Strike
0-1: Ball
1-1: Ground out 6-3 (Groundball, 6S, EV 65.6 MPH)
Batting: LHB Skye Maury 0-0: Fly out, F8 (Flyball, 8RD, EV 95.0 MPH)
Top of the 6th over - 0 runs, 0 hits, 0 errors, 0 left on base; Pittsburgh 4 - Maine 3
BOTTOM OF THE 6TH
Maine Guides batting - Pitching for Pittsburgh Millers : RHP Whitney Harris
Batting: RHB Justen Brown 0-0: Ball
1-0: Ball
2-0: Called Strike
2-1: Ball
3-1: Swinging Strike
3-2: Foul Ball, location: 2F
3-2: Strikes out swinging
Batting: RHB Jarrett Vazquez 0-0: Swinging Strike
0-1: Ground out 5-3 (Groundball, 5L, EV 88.1 MPH)
Batting: RHB Jaret Foley 0-0: Ball
1-0: Swinging Strike
1-1: SINGLE (Groundball, 6MD, EV 103.8 MPH)
Batting: RHB Derek Rosado 0-0: Ball
1-0: Foul Ball, location: 2F
1-1: Ball
2-1: Swinging Strike
2-2: Ball
3-2: Strikes out swinging
Bottom of the 6th over - 0 runs, 1 hit, 0 errors, 1 left on base; Pittsburgh 4 - Maine 3
TOP OF THE 7TH
Pittsburgh Millers batting - Pitching for Maine Guides : RHP Ellery Skaleski
Batting: RHB Conner Wilson 0-0: Foul Ball, location: 2F
0-1: Ball
1-1: Ground out 5-3 (Groundball, 5, EV 88.8 MPH)
Batting: RHB Seth Laskie 0-0: Ball
1-0: Ball
2-0: Ball
3-0: Swinging Strike
3-1: Called Strike
3-2: Strikes out swinging
Batting: LHB Byron Carlton 0-0: Ball
1-0: Ground out U3 (Groundball, 34, EV 108.1 MPH)
Top of the 7th over - 0 runs, 0 hits, 0 errors, 0 left on base; Pittsburgh 4 - Maine 3
BOTTOM OF THE 7TH
Maine Guides batting - Pitching for Pittsburgh Millers : RHP Whitney Harris
Batting: RHB Brad Pendolino 0-0: Ball
1-0: Ground out 6-3 (Groundball, 6, EV 82.5 MPH)
Batting: RHB Nathan Bennett 0-0: Called Strike
0-1: Ground out 1-3 (Groundball, 34S, EV 74.4 MPH)
Batting: RHB Byron Bentley 0-0: Called Strike
0-1: Foul Ball, location: 2F
0-2: Ball
1-2: Ball
2-2: Strikes out swinging
Bottom of the 7th over - 0 runs, 0 hits, 0 errors, 0 left on base; Pittsburgh 4 - Maine 3
TOP OF THE 8TH
Pittsburgh Millers batting - Pitching for Maine Guides : RHP Ellery Skaleski
Pitching: RHP Joe Ferebee
Batting: RHB Tevin Hawkins 0-0: Swinging Strike
0-1: Ball
1-1: Swinging Strike
1-2: Foul Ball, location: 2F
1-2: Strikes out swinging
Batting: RHB Isaac Pack 0-0: Called Strike
0-1: Swinging Strike
0-2: Ball
1-2: Strikes out swinging
Batting: RHB LaMark Canete 0-0: Called Strike
0-1: Swinging Strike
0-2: Ball
1-2: Ball
2-2: Ball
3-2: Strikes out swinging
Top of the 8th over - 0 runs, 0 hits, 0 errors, 0 left on base; Pittsburgh 4 - Maine 3
BOTTOM OF THE 8TH
Maine Guides batting - Pitching for Pittsburgh Millers : RHP Whitney Harris
Pitching: RHP Shavar Hannan
Batting: RHB Walt Dutro 0-0: Swinging Strike
0-1: Called Strike
0-2: Strikes out swinging
Batting: RHB Martin Moorman 0-0: Ground out 1-3 (Groundball, 13S, EV 65.6 MPH)
Batting: RHB Justen Brown 0-0: Ball
1-0: Swinging Strike
1-1: Called Strike
1-2: Foul Ball, location: 2F
1-2: Foul Ball, location: 2F
1-2: Ground out 6-3 (Groundball, 6, EV 96.9 MPH)
Bottom of the 8th over - 0 runs, 0 hits, 0 errors, 0 left on base; Pittsburgh 4 - Maine 3
TOP OF THE 9TH
Pittsburgh Millers batting - Pitching for Maine Guides : RHP Joe Ferebee
Batting: RHB Colton Coffin 0-0: Called Strike
0-1: Swinging Strike
0-2: Foul Ball, location: 2F
0-2: Ball
1-2: Ball
2-2: Ball
3-2: Strikes out swinging
Batting: RHB Cato Flaig 0-0: Ball
1-0: Ball
2-0: Ball
3-0: Called Strike
3-1: Ground out 3-1 (Groundball, 13, EV 88.1 MPH)
Batting: LHB Skye Maury 0-0: Called Strike
0-1: Foul Ball, location: 2F
0-2: Ball
1-2: Foul Ball, location: 2F
1-2: Ground out 3-1 (Groundball, 34, EV 86.9 MPH)
Top of the 9th over - 0 runs, 0 hits, 0 errors, 0 left on base; Pittsburgh 4 - Maine 3
BOTTOM OF THE 9TH
Maine Guides batting - Pitching for Pittsburgh Millers : RHP Shavar Hannan
Batting: RHB Jarrett Vazquez 0-0: Called Strike
0-1: Called Strike
0-2: Strikes out looking
Batting: RHB Jaret Foley 0-0: Ball
1-0: Swinging Strike
1-1: Swinging Strike
1-2: Foul Ball, location: 2F
1-2: Strikes out swinging
Batting: RHB Derek Rosado 0-0: Ball
1-0: Foul Ball, location: 2F
1-1: Called Strike
1-2: Fly out, F9 (Flyball, 9LSF, EV 95.6 MPH)
Bottom of the 9th over - 0 runs, 0 hits, 0 errors, 0 left on base; Pittsburgh 4 - Maine 3
Monday, April 29th , 2024 - OOTP Baseball 23.10 Build 110